[Event "Marshall CC U2400 January 2024"]
[Site "New York"]
[Date "2024.01.20"]
[Round "1.2"]
[White "Jiang, Jason"]
[Black "Colwell, Andrew"]
[Result "1-0"]
[ECO "D35"]
[WhiteElo "1864"]
[BlackElo "1672"]
[Annotator "NA RC"]
[PlyCount "137"]
[EventDate "2024.01.19"]
[EventType "swiss"]
[EventCountry "USA"]
[SourceTitle "playchess.com"]
[Source "ChessBase"]
[SourceQuality "1"]
[TimeControl "5400+30"]

1. c4 e6 2. Nc3 d5 3. cxd5 exd5 4. d4 c6 5. Nf3 Nf6 6. Bg5 Bd6 7. e3 O-O 8. Bd3 Re8 9. Qc2 h6 10. Bh4 a5 11. O-O Na6 12. a3 Bd7 13. Bg3 (13. e4 $16 Be7 14. exd5) 13... Bxg3 14. hxg3 Ng4 15. Na4 b5 16. Nc5 Nxc5 17. Qxc5 a4 18. Rac1 Qe7 19. Qxe7 Rxe7 20. Ne1 Rb8 21. Nc2 g6 22. Rfe1 f5 23. f3 Nf6 24. Nb4 Rb6 25. Kf2 Kg7 26. Rc5 Re6 {[%emt 0:08:08] [#]} 27. b3 axb3 28. Rb1 Rd6 (28... Ne8 $11) 29. Rxb3 Ne8 30. Na2 Nc7 31. a4 $14 Ra6 32. Nc3 Ne6 33. axb5 cxb5 34. Rxd5 Rxd5 35. Nxd5 Ra2+ 36. Kg1 Ra1+ 37. Kh2 Ra5 38. Nb6 Be8 39. d5 Ra6 40. Nc8 Nc5 41. Bxb5 Ra5 42. Rc3 Rxb5 43. Nd6 Rb8 44. Rxc5 Rd8 45. Nc4 Kf6 46. e4 fxe4 47. fxe4 Ba4 48. e5+ Kf5 49. e6 Kf6 50. Nb6 Bb3 51. Rb5 Ba2 52. Nd7+ Ke7 {[%emt 0:00:21] [#]} 53. Ne5 $1 Bxd5 54. Nxg6+ Kxe6 $2 (54... Kd6 55. Nf4 Bc6) 55. Nf4+ Ke5 56. Rxd5+ Rxd5 57. Nxd5 Kxd5 58. g4 Ke5 $2 (58... Ke4 $11) 59. Kh3 Kf6 {[%emt 0:00:56] [#]} 60. Kh4 $1 Kg6 61. g3 Kh7 62. Kh5 Kg7 63. g5 hxg5 64. Kxg5 Kg8 65. Kg6 Kh8 66. g4 Kg8 67. g5 Kh8 68. Kf7 Kh7 69. g6+ 1-0

[Event "Marshall CC U2400 January 2024"]
[Site "New York"]
[Date "2024.01.20"]
[Round "1.3"]
[White "Bafna, Mihir"]
[Black "Das, Aditeya"]
[Result "1-0"]
[ECO "B26"]
[WhiteElo "1761"]
[BlackElo "1791"]
[Annotator "NA RC"]
[PlyCount "71"]
[EventDate "2024.01.19"]
[EventType "swiss"]
[EventCountry "USA"]
[SourceTitle "playchess.com"]
[Source "ChessBase"]
[SourceQuality "1"]
[TimeControl "5400+30"]

1. e4 c5 2. Nc3 Nc6 3. g3 g6 4. Bg2 Bg7 5. d3 e6 6. Be3 d6 7. Qd2 Nge7 8. Bh6 O-O 9. h4 f5 10. h5 Rf7 11. hxg6 hxg6 12. Nf3 Nd4 13. Ng5 Bxh6 14. Rxh6 Rg7 15. O-O-O Kf8 16. Rdh1 Ng8 17. Rh7 Nf6 18. Rxg7 Kxg7 19. exf5 exf5 20. Nd5 Be6 21. Nxf6 Qxf6 22. Rh7+ Kg8 23. Rxb7 Re8 24. Nh7 Qe5 25. f4 Qh8 26. c3 Bf7 27. cxd4 Qxh7 28. Bd5 Bxd5 29. Rxh7 Kxh7 30. dxc5 Rc8 31. b3 Rxc5+ 32. Kb2 a5 33. Qe3 Rc6 34. Qa7+ Kg8 35. Qxa5 Bf7 36. Qa8+ 1-0

[Event "Marshall CC U2400 January 2024"]
[Site "New York"]
[Date "2024.01.20"]
[Round "1.4"]
[White "Klein, Ethan"]
[Black "Wallace, Harper"]
[Result "1-0"]
[ECO "A56"]
[WhiteElo "1923"]
[BlackElo "1588"]
[Annotator "RC"]
[PlyCount "107"]
[EventDate "2024.01.19"]
[EventType "swiss"]
[EventCountry "USA"]
[SourceTitle "playchess.com"]
[Source "ChessBase"]
[SourceQuality "1"]
[TimeControl "5400+30"]

1. d4 Nf6 2. c4 c5 3. d5 e5 4. Nc3 d6 5. e4 Be7 6. Bd3 Nbd7 7. Nge2 h5 8. h4 Nf8 9. Bc2 Ng6 10. Ba4+ Bd7 11. Ng3 Ng4 12. Bxd7+ Kxd7 13. Nxh5 Nf6 14. Nxf6+ Bxf6 15. h5 Ke8 16. g3 Bg5 17. Qg4 Bxc1 18. Rxc1 Qd7 19. Qxd7+ Kxd7 20. Ke2 Ne7 21. f4 f6 22. a3 Rae8 23. f5 a6 24. b4 b6 25. Rb1 Rb8 26. g4 Kc7 27. g5 Ng8 28. Rbg1 Rh7 29. h6 gxh6 30. gxh6 Kd7 31. Rg6 Rf8 32. Na4 Kc7 33. Rhg1 Ne7 34. Rg7 Rf7 35. Rxf7 Rxf7 36. Rg7 Rxg7 37. hxg7 cxb4 38. axb4 Ng8 39. Kf3 a5 40. bxa5 bxa5 41. Kg4 Kd8 42. Kh5 Ke8 43. Kg6 Ke7 44. Kh7 Kf7 45. c5 dxc5 46. Nxc5 Ne7 47. d6 Ng8 48. Na4 Nh6 49. Kxh6 Kg8 50. d7 Kf7 51. g8=Q+ Kxg8 52. d8=Q+ Kf7 53. Qd7+ Kg8 54. Qg7# 1-0

[Event "Marshall CC U2400 January 2024"]
[Site "New York"]
[Date "2024.01.20"]
[Round "1.5"]
[White "Marchese, Nicolas"]
[Black "Gutnik, Aleksandr"]
[Result "0-1"]
[ECO "C02"]
[WhiteElo "1647"]
[BlackElo "1956"]
[Annotator "NA RC"]
[PlyCount "82"]
[EventDate "2024.01.19"]
[EventType "swiss"]
[EventCountry "USA"]
[SourceTitle "playchess.com"]
[Source "ChessBase"]
[SourceQuality "1"]
[TimeControl "5400+30"]

1. e4 e6 2. d4 d5 3. e5 c5 4. c3 Qb6 5. Nf3 Bd7 6. Be2 Bb5 7. O-O Bxe2 8. Qxe2 cxd4 9. cxd4 {[%emt 0:06:18] 9.Nxd4 injects fresh life into this line.} Nc6 10. a3 Nge7 11. b4 (11. Be3 $11) 11... Nf5 (11... Nxd4 $15 12. Nxd4 {[%mdl 64] Remove Defender} Qxd4) 12. Bb2 {[%emt 0:06:20] [#]} Be7 $146 ({Predecessor:} 12... a6 13. Qd3 Be7 14. Nbd2 O-O 15. Nb3 Rac8 16. Nc5 Rc7 17. Rac1 Rfc8 18. Rc2 Na7 {½-½ Haring,F (1742)-Karas,M (2017) SVK-ch op Banska Stiavnica 2013 (5)}) 13. Rd1 O-O 14. g4 (14. Qd3 $11 {feels stronger.}) 14... Nh4 15. Nxh4 Bxh4 16. Rd3 Bg5 17. Nd2 Bxd2 18. Qxd2 a5 19. Rh3 f5 20. exf6 Rxf6 21. Qd3 Rg6 22. b5 Na7 23. a4 Rf8 24. Ba3 Rf7 25. Bc5 Qd8 26. Bxa7 b6 27. Bxb6 Qxb6 28. Rg3 ({White should play} 28. Rc1 $18) 28... Rc7 (28... Rgf6 $16) 29. Rd1 (29. g5 $18 {is the precise move to win.}) 29... Rf6 30. g5 Rf5 31. Qa3 ({White has to play} 31. g6 $16) 31... e5 (31... Rc4 $142) 32. Qe3 $14 (32. Rf3 $16 Qe6 33. Rxf5 Qxf5 34. Qg3) 32... e4 33. Rc1 Rxc1+ 34. Qxc1 Qxd4 35. Qc2 Rf8 36. Kg2 Qe5 37. Qd2 d4 38. Qxa5 e3 39. fxe3 dxe3 40. Qe1 e2 41. Rf3 Qe4 0-1

[Event "Marshall CC U2400 January 2024"]
[Site "New York"]
[Date "2024.01.20"]
[Round "2.1"]
[White "Hoffman, Luc"]
[Black "Li, Robert"]
[Result "1-0"]
[ECO "E60"]
[WhiteElo "2068"]
[BlackElo "1732"]
[Annotator "RC"]
[PlyCount "57"]
[EventDate "2024.01.19"]
[EventType "swiss"]
[EventCountry "USA"]
[SourceTitle "playchess.com"]
[Source "ChessBase"]
[SourceQuality "1"]
[TimeControl "5400+30"]

1. Nf3 Nf6 2. e3 g6 3. b3 Bg7 4. Bb2 d6 5. d4 O-O 6. c4 c5 7. Be2 Nfd7 8. O-O Nc6 9. Na3 a6 10. Qd2 Nf6 11. Rfd1 Ne4 12. Qc1 Qa5 13. Bd3 f5 14. dxc5 Bxb2 15. Qxb2 Nxc5 16. Bf1 Rf6 17. Nb1 Ne4 18. a3 b5 19. b4 Qb6 20. Nc3 Nxc3 21. Qxc3 Kg7 22. Rac1 Bb7 23. Nd2 Rc8 24. cxb5 Ne5 25. Qd4 Nd7 26. bxa6 Bxa6 27. Qxb6 Rxc1 28. Rxc1 Nxb6 29. Bxa6 1-0

[Event "Marshall CC U2400 January 2024"]
[Site "New York"]
[Date "2024.01.20"]
[Round "2.2"]
[White "Stancil, Kimani"]
[Black "Jiang, Jason"]
[Result "0-1"]
[ECO "B70"]
[WhiteElo "1784"]
[BlackElo "1864"]
[Annotator "NA RC"]
[PlyCount "104"]
[EventDate "2024.01.19"]
[EventType "swiss"]
[EventCountry "USA"]
[SourceTitle "playchess.com"]
[Source "ChessBase"]
[SourceQuality "1"]
[TimeControl "5400+30"]

1. e4 c5 2. Nf3 d6 3. d4 cxd4 4. Nxd4 Nf6 5. Nc3 g6 6. Bd3 Bg7 7. O-O O-O 8. a4 Nc6 9. Nxc6 bxc6 10. Kh1 d5 11. Qe2 dxe4 12. Nxe4 Nxe4 13. Bxe4 Qc7 14. f4 Rb8 15. c3 Qa5 16. Qc2 Bf5 17. Re1 Rfd8 18. Bxf5 Qxf5 19. Qf2 Rb7 20. Be3 a5 21. Re2 Rbd7 22. Rg1 Rd1 23. Ree1 Qb1 24. Qe2 Rxe1 25. Rxe1 Qe4 26. Bg1 Qxf4 27. Qxe7 Bf6 28. Qe2 Qxa4 29. Bc5 Kg7 30. Rf1 Rd5 31. Be3 Qh4 32. Rf4 Qh5 33. g4 Qe5 34. Qf3 g5 35. Re4 Rd1+ 36. Kg2 Qd5 37. h4 h6 38. hxg5 hxg5 39. Ra4 Qb3 40. Rxa5 Qxb2+ 41. Qf2 Qxc3 42. Rc5 Qb4 43. Qf3 Rd3 $19 44. Rxc6 Qb2+ 45. Qf2 Qe5 46. Rxf6 Qxf6 47. Qxf6+ Kxf6 48. Bc1 Kg6 49. Kf2 f5 50. gxf5+ Kxf5 51. Kg2 Kg4 52. Kf2 Rc3 0-1

[Event "Marshall CC U2400 January 2024"]
[Site "New York"]
[Date "2024.01.20"]
[Round "2.3"]
[White "Bafna, Mihir"]
[Black "Klein, Ethan"]
[Result "1/2-1/2"]
[ECO "C00"]
[WhiteElo "1761"]
[BlackElo "1923"]
[Annotator "RC"]
[PlyCount "119"]
[EventDate "2024.01.19"]
[EventType "swiss"]
[EventCountry "USA"]
[SourceTitle "playchess.com"]
[Source "ChessBase"]
[SourceQuality "1"]
[TimeControl "5400+30"]

1. e4 e6 2. Qe2 Be7 3. g3 d5 4. e5 c5 5. Qg4 Bf8 6. c3 Nc6 7. f4 Bd7 8. Na3 Nh6 9. Qe2 Nf5 10. Nf3 Be7 11. Bg2 Qc7 12. O-O a6 13. Nc2 g6 14. d3 h5 15. a3 h4 16. g4 h3 17. Bh1 Nh4 18. Be3 Na7 19. b4 Ba4 20. bxc5 Bxc5 21. Ncd4 Nb5 22. Qf2 Nxf3+ 23. Bxf3 Qb6 24. Rab1 Qa7 25. Nxb5 Bxe3 26. Nxa7 Bxf2+ 27. Kxf2 Rxa7 28. Rb6 Bc2 29. Ke3 Kd7 30. c4 dxc4 31. dxc4 Kc7 32. Rb2 Ba4 33. c5 Rd8 34. Rb4 Bb5 35. Be2 Bxe2 36. Kxe2 Rd5 37. Rc1 Ra8 38. Rb3 Rad8 39. Rc2 Rd4 40. Ke3 Rd1 41. Rcb2 Rb8 42. Kf3 Rd5 43. Kg3 Rxc5 44. Kxh3 b5 45. Kh4 Rd8 46. Kg5 Rd4 47. Rf3 Rcc4 48. h4 Kd7 49. h5 gxh5 50. gxh5 Ke7 51. h6 Kf8 52. Rh2 Kg8 53. h7+ Kh8 54. Rh4 a5 55. Rg3 b4 56. Kh6 Rd8 57. Rhg4 Rcc8 58. axb4 axb4 59. Rb3 Rc3 60. Rg8+ 1/2-1/2

[Event "Marshall CC U2400 January 2024"]
[Site "New York"]
[Date "2024.01.20"]
[Round "2.4"]
[White "Gutnik, Aleksandr"]
[Black "Ulloa Centeno, Leandro Nicolas"]
[Result "0-1"]
[ECO "B31"]
[WhiteElo "1956"]
[BlackElo "1647"]
[Annotator "NA RC"]
[PlyCount "104"]
[EventDate "2024.01.19"]
[EventType "swiss"]
[EventCountry "USA"]
[SourceTitle "playchess.com"]
[Source "ChessBase"]
[SourceQuality "1"]
[TimeControl "5400+30"]

1. e4 c5 2. Nf3 Nc6 3. Bb5 g6 4. O-O Bg7 5. Qe2 a6 6. Bxc6 dxc6 7. d3 Nf6 8. h3 O-O 9. Nc3 Qc7 10. Be3 b6 11. Qd2 e5 12. Bh6 Re8 13. Bxg7 Kxg7 14. Qe3 h6 15. b3 Be6 16. Nd2 Nh5 17. Ne2 g5 18. Qf3 Kg6 19. Nc4 Bxc4 20. bxc4 Qd7 21. Kh2 b5 22. Qe3 Qd6 23. Ng3 Ng7 24. Qf3 Qf6 25. Nf5 Nxf5 26. exf5+ Kg7 27. Qe4 {[%emt 0:01:12] [#]} ({White should play} 27. Rae1 $11) 27... Rad8 $1 28. c3 {[%emt 0:00:15] [#]} b4 $1 29. cxb4 cxb4 30. Rae1 c5 31. Re3 Rd4 32. Qb7 Qxf5 33. Qc6 Re6 34. Qxc5 Rxd3 35. Kg1 Rxe3 36. fxe3 Qe4 ({Black should try} 36... Qd3 $17 37. Rf2 Qc3) 37. Qa7 Rf6 38. Rxf6 Kxf6 39. Qxa6+ ({White should play} 39. Qc5 $1 $15) 39... Kg7 40. Kf2 Qc2+ 41. Kf1 e4 42. Qb5 Qb1+ 43. Kf2 Qxa2+ 44. Kg3 Qb2 45. Qd5 Qc3 46. Qxe4 b3 47. h4 b2 48. hxg5 Qe1+ 49. Kh2 b1=Q 50. gxh6+ Kxh6 51. Qf4+ Kg6 52. Qg4+ Kh7 0-1

[Event "Marshall CC U2400 January 2024"]
[Site "New York"]
[Date "2024.01.20"]
[Round "2.5"]
[White "Goel, Raben"]
[Black "Kozower, Ethan"]
[Result "0-1"]
[ECO "A47"]
[WhiteElo "1468"]
[BlackElo "1904"]
[Annotator "NA RC"]
[PlyCount "92"]
[EventDate "2024.01.19"]
[EventType "swiss"]
[EventCountry "USA"]
[SourceTitle "playchess.com"]
[Source "ChessBase"]
[SourceQuality "1"]
[TimeControl "5400+30"]

1. d4 Nf6 2. Bf4 b6 3. Nf3 e6 4. e3 Bb7 5. Nbd2 Be7 6. Bd3 Nh5 7. Bg3 c5 8. c3 cxd4 9. exd4 d6 10. Qe2 Nd7 11. Nc4 Nxg3 12. hxg3 Qc7 13. O-O O-O 14. Ne3 Rfe8 15. Qc2 g6 16. g4 Kg7 17. Nh2 e5 18. d5 Bg5 19. c4 Rac8 20. Rac1 Nf6 21. Qd2 $17 Kg8 22. Qe2 Qe7 23. Rfe1 Rc7 24. Rc3 Bc8 25. Nhf1 (25. Qd1 $17) 25... Qf8 26. Bb1 (26. Ng3 $17) 26... Qh6 27. f3 e4 28. Qf2 Rce7 29. a3 Kg7 30. b4 exf3 31. Qxf3 Nxg4 32. Nxg4 Bxg4 33. Rxe7 Bxf3 34. Rxe8 Bg4 35. Rg3 Bd7 36. Rb8 Bf4 37. Rf3 Bg4 38. Rb3 Be5 39. Ne3 Bd7 40. Rd3 Qf4 41. Nc2 Qc1+ 42. Kf2 Qxb1 43. Ne1 Qb2+ 44. Kf1 Bd4 45. Rf3 Bg4 46. Rf4 Be2# 0-1

[Event "Marshall CC U2400 January 2024"]
[Site "New York"]
[Date "2024.01.21"]
[Round "3.1"]
[White "Kozower, Ethan"]
[Black "Hoffman, Luc"]
[Result "1/2-1/2"]
[ECO "B12"]
[WhiteElo "1904"]
[BlackElo "2068"]
[Annotator "NA RC"]
[PlyCount "145"]
[EventDate "2024.01.19"]
[EventType "swiss"]
[EventCountry "USA"]
[SourceTitle "playchess.com"]
[Source "ChessBase"]
[SourceQuality "1"]
[TimeControl "5400+30"]

1. e4 c6 2. d4 d5 3. e5 Bf5 4. h4 h5 5. Bd3 Qd7 6. Ne2 Bxd3 7. Qxd3 e6 8. O-O c5 9. c4 dxc4 10. Qxc4 Qc6 (10... Nc6 $11) 11. Be3 Nd7 12. Nbc3 Ne7 13. Qd3 Rd8 14. f4 c4 15. Qc2 Nf5 16. Bf2 Nb6 17. Rfd1 Be7 18. g3 Nd5 19. Nxd5 Qxd5 20. Nc3 Qf3 21. Qe4 Qg4 22. Qe2 (22. Qxb7 $2 {too greedy.} Bxh4 23. Qg2 (23. Qxa7 $2 {loses.} Nxg3 24. d5 O-O $19) 23... Bxg3 24. Bxg3 Nxg3 $19) 22... Qh3 23. Qf1 Qg4 24. Qe2 $1 (24. Qxc4 $2 {loses.} Bxh4 25. Ne4 Nxg3 26. Qa4+ Rd7 27. Bxg3 (27. Nd6+ $2 Ke7 $19) 27... Bxg3 28. Nd6+ Ke7 $19) 24... Qh3 25. Qf1 Qxf1+ 26. Kxf1 Bb4 27. Rac1 Ne7 28. Ne4 Nc6 29. Rxc4 Be7 30. Nc3 Bb4 31. Ne4 Be7 32. a3 f6 33. Ke2 O-O 34. Nc3 Kf7 35. d5 exd5 36. Nxd5 fxe5 37. Nxe7 Nxe7 38. fxe5 Rxd1 39. Kxd1 Ke6 (39... Rd8+ $14 {feels stronger.} 40. Kc2 Nc6) 40. Bxa7 Nc6 41. Be3 Kxe5 42. Rc5+ Ke4 43. Bf4 Rf5 44. Rxf5 Kxf5 45. Kd2 Ke4 46. Kc3 Kd5 47. b4 b5 48. Be3 Ke4 49. Bc5 Kf3 50. Bd6 Ke4 51. Kb3 Nd4+ 52. Kb2 Kd5 53. Bf4 Kc4 54. Be5 Nf5 $11 55. Kc2 g6 56. Bf4 Nd4+ 57. Kb2 Nf5 58. Ka2 Nd4 59. Bd6 Nf5 60. Be5 Ne3 61. Kb2 Ng4 62. Bf4 Nf6 63. Kc2 Nd5 64. Bh6 Nf6 65. Bf4 Nd5 66. Bg5 Nc7 67. Bf4 Nd5 68. Bg5 Nc7 69. Kd2 Kb3 70. Kd3 Kxa3 71. Ke4 Kxb4 72. Ke5 Kc3 73. Kf6 1/2-1/2

[Event "Marshall CC U2400 January 2024"]
[Site "New York"]
[Date "2024.01.21"]
[Round "3.2"]
[White "Jiang, Jason"]
[Black "Ulloa Centeno, Leandro Nicolas"]
[Result "1-0"]
[ECO "E67"]
[WhiteElo "1864"]
[BlackElo "1647"]
[Annotator "NA RC COMBH"]
[PlyCount "81"]
[EventDate "2024.01.19"]
[EventType "swiss"]
[EventCountry "USA"]
[SourceTitle "playchess.com"]
[Source "ChessBase"]
[SourceQuality "1"]
[TimeControl "5400+30"]

1. c4 Nf6 2. Nc3 g6 3. g3 Bg7 4. Bg2 e5 5. Nf3 d6 6. d4 exd4 7. Nxd4 O-O 8. O-O Nbd7 9. b3 Nc5 10. Bb2 Ne6 (10... h5 $11) 11. Nxe6 fxe6 12. Qd2 Rb8 13. Rad1 a6 14. e4 e5 15. c5 Ne8 16. Ba3 Rf7 17. cxd6 cxd6 18. Bxd6 Rd7 19. Qd5+ Kh8 20. Bxb8 Rxd5 21. Rxd5 Qe7 22. Rfd1 Bg4 23. f3 Be6 24. Bd6 Nxd6 25. Rxd6 Bf8 26. R6d3 Qb4 27. Nd5 Bc5+ 28. Kh1 Qa5 29. R3d2 g5 30. Rc2 Bd4 31. f4 gxf4 32. gxf4 exf4 33. Nxf4 Bg4 34. Rf1 Qe5 35. h3 Bd7 36. Rd2 Bb5 37. Nd3 Qg5 38. Rdd1 Bc6 39. Nf4 Bf6 40. Ne6 Qh5 41. Rd8+ 1-0

[Event "Marshall CC U2400 January 2024"]
[Site "New York"]
[Date "2024.01.21"]
[Round "3.3"]
[White "Solomon, Ciprian"]
[Black "Bonin, Jay"]
[Result "1/2-1/2"]
[ECO "A29"]
[WhiteElo "1860"]
[BlackElo "2166"]
[Annotator "RC"]
[PlyCount "98"]
[EventDate "2024.01.19"]
[EventType "swiss"]
[EventCountry "USA"]
[SourceTitle "playchess.com"]
[Source "ChessBase"]
[SourceQuality "1"]
[TimeControl "5400+30"]

1. c4 Nc6 2. Nc3 e5 3. Nf3 Nf6 4. d3 d5 5. cxd5 Nxd5 6. g3 Nb6 7. Bg2 Be7 8. O-O O-O 9. Bd2 Be6 10. Ne4 f6 11. Bc3 f5 12. Ned2 Bf6 13. b3 Nd5 14. Bb2 e4 15. Bxf6 Qxf6 16. dxe4 Nc3 17. e5 Nxe5 18. Qe1 c6 19. Nxe5 Qxe5 20. e3 Bd5 21. Nf3 Bxf3 22. Bxf3 Rad8 23. a3 Rd3 24. Be2 Nxe2+ 25. Qxe2 Rxb3 26. Qc4+ Qd5 27. Qxd5+ cxd5 28. Rfd1 Rd8 29. Rd4 Kf7 30. Rc1 Rd7 31. a4 g5 32. h4 g4 33. Rc8 b5 34. axb5 Rxb5 35. Rf4 Ke6 36. Re8+ Kd6 37. Rxf5 Rc7 38. Rg8 Rc4 39. Rh5 Kc5 40. Rxh7 a5 41. Ra7 Kb4 42. h5 Rb6 43. Rg6 Rxg6 44. hxg6 Rc6 45. g7 Rg6 46. f4 gxf3 47. Kf2 a4 48. Kxf3 a3 49. Kf4 Kb3 1/2-1/2

[Event "Marshall CC U2400 January 2024"]
[Site "New York"]
[Date "2024.01.21"]
[Round "3.4"]
[White "Hyatt, Jessica"]
[Black "Bafna, Mihir"]
[Result "1-0"]
[ECO "E32"]
[WhiteElo "1759"]
[BlackElo "1761"]
[Annotator "NA RC COMBH"]
[PlyCount "111"]
[EventDate "2024.01.19"]
[EventType "swiss"]
[EventCountry "USA"]
[SourceTitle "playchess.com"]
[Source "ChessBase"]
[SourceQuality "1"]
[TimeControl "5400+30"]

1. d4 Nf6 2. c4 e6 3. Nc3 Bb4 4. Qc2 O-O 5. a3 Bxc3+ 6. Qxc3 d5 7. Nf3 dxc4 8. Qxc4 b6 9. g3 Bb7 10. Bg2 Nbd7 11. O-O Rc8 12. b4 c5 13. dxc5 bxc5 14. Bb2 Qb6 15. Qh4 a5 16. Bxf6 Nxf6 17. bxc5 Qxc5 18. e3 e5 19. g4 Qc3 20. Qg5 Rc5 21. Qh4 Rc4 22. h3 h5 23. Qg3 hxg4 24. Nxe5 Bxg2 25. Rfc1 Qxc1+ 26. Rxc1 Rxc1+ 27. Kxg2 gxh3+ 28. Qxh3 Rc3 29. Qf5 a4 30. Qf4 Rxa3 31. Nc6 Re8 32. Qb4 Ra2 33. Ne7+ Kh8 34. Qc4 Rxe7 35. Qxa2 Ra7 36. Qb2 Ra5 37. Qb4 Ra6 38. Qb5 Ra8 39. Qb7 Ra5 40. Qe7 Ra8 41. Qb7 Ra5 42. Qc8+ Kh7 43. Qd8 Ra7 44. Qb8 Ra5 45. Qd8 Ra7 46. Qd3+ Kg8 47. Qa3 Nd7 48. f4 Ra6 49. Qd3 Nc5 50. Qb5 a3 51. Qxc5 Ra8 52. Qd5 Ra7 53. Qa2 Kf8 54. Kf3 Ke7 55. Qc4 Ke8 56. Qc8+ 1-0

[Event "Marshall CC U2400 January 2024"]
[Site "New York"]
[Date "2024.01.21"]
[Round "3.5"]
[White "Shen, Leo Xiaohang"]
[Black "Aravindakshan, Sahana"]
[Result "1-0"]
[ECO "B22"]
[WhiteElo "1488"]
[BlackElo "1957"]
[Annotator "RC"]
[PlyCount "97"]
[EventDate "2024.01.19"]
[EventType "swiss"]
[EventCountry "USA"]
[SourceTitle "playchess.com"]
[Source "ChessBase"]
[SourceQuality "1"]
[TimeControl "5400+30"]

1. e4 c5 2. Nf3 Nc6 3. c3 d5 4. exd5 Qxd5 5. d4 Bf5 6. Be3 Nf6 7. c4 Qd6 8. d5 Nb4 9. Na3 O-O-O 10. Be2 e6 11. dxe6 Qa6 12. Qb3 Nd3+ 13. Bxd3 Rxd3 14. Qb5 Qxe6 15. O-O Bd6 16. Bxc5 a6 17. Qb4 Bc7 18. Rfe1 Ne4 19. Be3 Bg4 20. Nd4 Qe5 21. f4 Qa5 22. Nac2 Qh5 23. Qe7 Nf6 24. Nb4 Rd1 25. Raxd1 Bxd1 26. Nd5 Nxd5 27. cxd5 Rd8 28. h3 Kb8 29. Qb4 Ka8 30. Qc5 Bb8 31. b3 Ba7 32. Qc7 Rh8 33. Qc1 Re8 34. Qc3 g5 35. d6 gxf4 36. d7 Rb8 37. Bxf4 Qh4 38. g3 Qxh3 39. Rxd1 Qxd7 40. Bxb8 Kxb8 41. Kg2 Qd5+ 42. Qf3 Qa5 43. Qf4+ Ka8 44. Rc1 Qd5+ 45. Nf3 Qe6 46. Re1 Qc6 47. Qc4 Qd6 48. Re8+ Bb8 49. Qf4 1-0

[Event "Marshall CC U2400 January 2024"]
[Site "New York"]
[Date "2024.01.21"]
[Round "4.1"]
[White "Hoffman, Luc"]
[Black "Jiang, Jason"]
[Result "1-0"]
[ECO "A05"]
[WhiteElo "2068"]
[BlackElo "1864"]
[Annotator "RC"]
[PlyCount "127"]
[EventDate "2024.01.19"]
[EventType "swiss"]
[EventCountry "USA"]
[SourceTitle "playchess.com"]
[Source "ChessBase"]
[SourceQuality "1"]
[TimeControl "5400+30"]

1. Nf3 Nf6 2. e3 e6 3. b3 d6 4. d4 Be7 5. Bd3 Nbd7 6. Bb2 O-O 7. c4 e5 8. Nc3 c6 9. e4 Nh5 10. O-O Nf4 11. Ne2 Nxe2+ 12. Bxe2 Qc7 13. Ne1 exd4 14. Bxd4 Bf6 15. Nc2 Re8 16. Bxf6 Nxf6 17. f3 d5 18. exd5 cxd5 19. Qd2 dxc4 20. Bxc4 Bf5 21. Nd4 Rad8 22. Qf2 Bd7 23. Rfd1 Qb6 24. Nb5 Qxf2+ 25. Kxf2 Bxb5 26. Bxb5 Rxd1 27. Rxd1 Rc8 28. Bc4 Kf8 29. g4 h6 30. h4 g5 31. Kg3 a6 32. a4 Rc7 33. Rd8+ Ke7 34. Rh8 Rc6 35. h5 Nd7 36. Bd5 Rb6 37. a5 Rb5 38. Bc4 Rxa5 39. Rxh6 b5 40. Bd3 Ra3 41. Bc2 Nc5 42. Rc6 Nd7 43. h6 Nf6 44. h7 Nxh7 45. Bxh7 Rxb3 46. Rxa6 Rb2 47. Rb6 b4 48. Rb7+ Kf8 49. Be4 f6 50. Bd5 Rd2 51. Bc4 Rd6 52. Rxb4 Ke7 53. Rb7+ Kd8 54. Kf2 Kc8 55. Rf7 Rc6 56. Bd5 Rd6 57. Be4 Kd8 58. Ke3 Ke8 59. Ra7 Re6 60. Kd4 Kf8 61. Rc7 Re5 62. Bd5 Ke8 63. Kc5 Kd8 64. Rf7 1-0

[Event "Marshall CC U2400 January 2024"]
[Site "New York"]
[Date "2024.01.21"]
[Round "4.4"]
[White "Shen, Leo Xiaohang"]
[Black "Olsen, Robert"]
[Result "1-0"]
[ECO "B06"]
[WhiteElo "1488"]
[BlackElo "1825"]
[Annotator "NA RC COMBH"]
[PlyCount "137"]
[EventDate "2024.01.19"]
[EventType "swiss"]
[EventCountry "USA"]
[SourceTitle "playchess.com"]
[Source "ChessBase"]
[SourceQuality "1"]
[TimeControl "5400+30"]

1. e4 d6 2. d4 g6 3. Nf3 Bg7 4. Nc3 a6 5. Bg5 h6 6. Be3 b5 7. a3 Nd7 8. Be2 Bb7 9. O-O c5 10. b4 (10. dxc5 $14 Nxc5 11. e5) 10... cxb4 11. axb4 Rc8 12. Qd2 Qc7 13. Ra3 Nb6 14. Bd3 Nc4 15. Bxc4 Qxc4 16. Rb1 Nf6 17. Qd3 O-O 18. Nd2 Qc7 19. f3 Rfd8 20. Rc1 Nd7 21. Ne2 Nb6 22. c3 Nc4 23. Nxc4 Qxc4 24. Qd2 Kh7 25. Kf2 Rf8 26. Kg1 e6 27. Bf4 e5 28. Be3 f5 29. exf5 gxf5 30. Rd1 $15 Qf7 31. Raa1 f4 32. Bf2 e4 33. d5 exf3 34. Qd3+ Kh8 35. Qxf3 Rce8 36. Rd2 Re5 37. Rad1 Rg5 38. Bd4 Be5 39. Kh1 Bc8 40. h3 h5 41. Rf1 Kh7 42. Bg1 Bb7 43. Bh2 Rf5 44. Qe4 Kh8 45. Rf3 Rf6 46. Rd1 Bc8 47. Nd4 Bb7 48. Nc6 Re8 49. Re1 Bxc6 50. dxc6 Rf8 51. Rd1 Kg7 52. Ra1 Qa7 53. Bg1 Qa8 54. Bd4 Bxd4 55. cxd4 d5 56. Qxd5 Qxc6 57. Qxh5 Rf5 58. Qg4+ Kh7 59. Qh4+ Kg6 60. Qe7 R8f6 61. Qa7 Qd6 62. Rc3 Rd5 63. Rc7 Rxd4 64. Rg7+ Kf5 65. g4+ fxg3 66. Rf1+ Rf4 67. Rxf4+ Qxf4 68. Qc5+ Qe5 69. Rg5+ 1-0

[Event "Marshall CC U2400 January 2024"]
[Site "New York"]
[Date "2024.01.21"]
[Round "4.5"]
[White "Bonin, Jay"]
[Black "Berg, George"]
[Result "1-0"]
[ECO "D03"]
[WhiteElo "2166"]
[BlackElo "1842"]
[Annotator "RC"]
[PlyCount "87"]
[EventDate "2024.01.19"]
[EventType "swiss"]
[EventCountry "USA"]
[SourceTitle "playchess.com"]
[Source "ChessBase"]
[SourceQuality "1"]
[TimeControl "5400+30"]

1. d4 Nf6 2. Nf3 g6 3. Bg5 Bg7 4. Nbd2 d5 5. Bxf6 Bxf6 6. e4 dxe4 7. Nxe4 Bg7 8. Bc4 e6 9. c3 O-O 10. Qe2 b6 11. O-O-O Bb7 12. h4 Bd5 13. Bd3 Nd7 14. h5 Nf6 15. hxg6 hxg6 16. Nfg5 Nxe4 17. Nxe4 Bxa2 18. f4 Qd5 19. g4 Qa5 20. g5 Rfd8 21. Nf6+ Kf8 22. Rh7 Bb3 23. Rdh1 Qa1+ 24. Bb1 Ba2 25. Kc2 Bxb1+ 26. Rxb1 Qa5 27. Qe4 Qa4+ 28. Kd2 c5 29. Rxg7 Kxg7 30. Qe5 Kf8 31. Rh1 Ke7 32. Rh7 Rxd4+ 33. cxd4 Qxd4+ 34. Qxd4 cxd4 35. Ng4 Kd6 36. Rxf7 a5 37. Kd3 Kc5 38. Ne5 b5 39. Nxg6 a4 40. Rc7+ Kb6 41. Rc2 Rd8 42. Ne5 Rd6 43. g6 b4 44. Nc4+ 1-0